[Event "January 2 Late 2024"]
[Site "https://www.chess.com"]
[Date "2024.01.02"]
[Round "6"]
[White "Asish Panda"]
[Black "Seemann, Jakub"]
[Result "1-0"]
[Board "59"]
[TimeControl "180+1"]
[WhiteFideId "45012458"]
[BlackFideId "21874697"]
[WhiteElo "2549"]
[BlackElo "2804"]
[WhiteTeam "IND"]
[BlackTeam "POL"]
[WhiteClock "0:00:04"]
[BlackClock "0:00:00"]

1. e4 e6 2. Nf3 d5 3. Nc3 dxe4 4. Nxe4 Bd7 5. d4 Bc6 6. Bd3 Nd7 7. Qe2 Ngf6 8. Bg5 Be7 9. O-O-O O-O 10. Nxf6+ Bxf6 11. Bxf6 Qxf6 12. Ne5 Nxe5 13. dxe5 Qe7 14. f4 Rfd8 15. Kb1 h6 16. Rhg1 a5 17. g4 a4 18. g5 h5 19. Qxh5 g6 20. Bxg6 fxg6 21. Qxg6+ Kf8 22. Qh6+ Kg8 23. Qg6+ Kf8 24. Qh6+ Qg7 25. Qxe6 Be4 26. Rde1 Qg6 27. Qf6+ Kg8 28. Re2 a3 29. bxa3 Rf8 30. Qxg6+ Bxg6 31. Rf2 Rxa3 32. Rd1 Ra4 33. Rd7 Rc4 34. e6 Bf5 35. Re2 Re8 36. Re5 Bxe6 37. Rd2 Rc6 38. Rde2 Rb6+ 39. Kc1 Kf8 40. g6 Bd7 41. g7+ Kxg7 42. Rxe8 Bxe8 43. Rxe8 Rc6 44. Re5 Kf6 45. Kd2 Rc4 46. Re3 Rxf4 47. Rd3 Rh4 48. Rd7 Rxh2+ 49. Kc3 Rh3+ 50. Kb2 c5 51. Rxb7 Ke5 52. Rd7 Ke6 53. Rd2 Rh4 54. c3 Rh3 55. Kb3 Rh4 56. a4 Rg4 57. a5 Rh4 58. a6 Rg4 59. a7 Rg8 60. Ra2 Kd5 61. a8=Q+ Rxa8 62. Rxa8 Kc6 63. Kc4 1-0

[Event "January 2 Late 2024"]
[Site "https://www.chess.com"]
[Date "2024.01.02"]
[Round "6"]
[White "Le, Quang Long"]
[Black "Mendez Fortes, Eduardo Jesus"]
[Result "1-0"]
[Board "60"]
[TimeControl "180+1"]
[WhiteFideId "12401749"]
[BlackFideId "3502376"]
[WhiteElo "2774"]
[BlackElo "2548"]
[WhiteTeam "CAN"]
[BlackTeam "CUB"]
[WhiteClock "0:00:05"]
[BlackClock "0:00:03"]

1. Nf3 d5 2. g3 Nf6 3. Bg2 e6 4. O-O Be7 5. c4 dxc4 6. Qa4+ Nbd7 7. Qxc4 a6 8. Qc2 c5 9. d4 O-O 10. Rd1 Qc7 11. Bf4 Bd6 12. Bxd6 Qxd6 13. e4 cxd4 14. Rxd4 Qe7 15. e5 Nd5 16. h4 b5 17. Ng5 g6 18. Nc3 Bb7 19. Nxd5 Bxd5 20. Bxd5 exd5 21. Rxd5 Nxe5 22. Re1 f6 23. f4 Qa7+ 24. Kg2 Nc4 25. Ne6 Qe3 26. Qe2 Qxe2+ 27. Rxe2 Rfe8 28. b3 Na5 29. Rd7 Nc6 30. g4 Rad8 31. Rc7 Nb4 32. f5 Nd5 33. Ra7 gxf5 34. gxf5 Kh8 35. Kf3 Rc8 36. Re4 Rc3+ 37. Ke2 Rc2+ 38. Kd3 Rxa2 39. Rd4 Ne7 40. Rdd7 Nxf5 41. Rxh7+ Kg8 42. Nf4 Rd8+ 43. Ke4 Nd6+ 44. Kf3 Nf5 45. Nh5 Rd3+ 46. Ke4 Re3+ 47. Kxf5 Rf2+ 48. Kg6 Rg2+ 49. Kh6 Re8 50. Nxf6+ Kf8 51. Raf7# 1-0

[Event "January 2 Late 2024"]
[Site "https://www.chess.com"]
[Date "2024.01.02"]
[Round "6"]
[White "Pinero Rodriguez, Carlos Jose"]
[Black "Goltsev, Dmitry"]
[Result "1/2-1/2"]
[Board "61"]
[TimeControl "180+1"]
[WhiteFideId "3901726"]
[BlackFideId "24176710"]
[WhiteElo "2543"]
[BlackElo "2765"]
[WhiteTeam "VEN"]
[BlackTeam "RUS"]
[WhiteClock "0:00:20"]
[BlackClock "0:00:06"]

1. e4 e6 2. Nf3 d5 3. d3 dxe4 4. dxe4 Qxd1+ 5. Kxd1 Nc6 6. c3 e5 7. Kc2 Nf6 8. Bd3 Bc5 9. Be3 Bxe3 10. fxe3 a6 11. Nbd2 Be6 12. Ng5 O-O-O 13. Nxe6 fxe6 14. h3 Rd7 15. Bc4 Rd6 16. Rad1 Rhd8 17. b4 b5 18. Bb3 Kb7 19. Rhf1 a5 20. a3 Rd3 21. Rfe1 R8d6 22. g4 h6 23. Ba2 axb4 24. axb4 Nb8 25. Nb3 Rxd1 26. Nc5+ Kb6 27. Rxd1 Rxd1 28. Kxd1 Na6 29. Nxe6 Nxe4 30. Kc2 g5 31. Bd5 Nf6 32. Bg2 c5 33. bxc5+ Nxc5 34. Ng7 e4 35. Nf5 h5 36. gxh5 Nxh5 37. Nd6 Ng3 38. Nf7 Ne6 39. Nd6 Nc5 40. Nf7 Nf5 41. Kd2 Nb3+ 42. Ke2 Nc1+ 43. Kd2 Nb3+ 44. Ke2 Nc1+ 45. Kd2 Nb3+ 1/2-1/2

[Event "January 2 Late 2024"]
[Site "https://www.chess.com"]
[Date "2024.01.02"]
[Round "6"]
[White "Przybylski, Wojciech"]
[Black "Daggupati, Balaji"]
[Result "1-0"]
[Board "62"]
[TimeControl "180+1"]
[WhiteFideId "1117599"]
[BlackFideId "2090759"]
[WhiteElo "2543"]
[BlackElo "2742"]
[WhiteTeam "POL"]
[BlackTeam "USA"]
[WhiteClock "0:00:04"]
[BlackClock "0:00:00"]

1. e4 c5 2. Nf3 e6 3. b3 d6 4. d4 cxd4 5. Nxd4 Nf6 6. Bd3 Nc6 7. Bb2 d5 8. Nxc6 bxc6 9. e5 Nd7 10. O-O Qb6 11. c4 Be7 12. Qg4 O-O 13. Nd2 c5 14. f4 d4 15. Ne4 g6 16. Rf3 Bb7 17. Rh3 Bxe4 18. Bxe4 f5 19. exf6 Nxf6 20. Qe2 Nxe4 21. Qxe4 Rad8 22. Re1 Rf6 23. g4 Qd6 24. Bc1 Rdf8 25. g5 Rf5 26. Qxe6+ Qxe6 27. Rxe6 R8f7 28. Rg3 Kg7 29. h4 Bd8 30. Rc6 Bc7 31. Rf3 Rd7 32. Kf1 Kf7 33. Ke2 Ba5 34. Ba3 Bb4 35. Bxb4 cxb4 36. Ra6 h6 37. Kd3 hxg5 38. hxg5 Kg7 39. a3 bxa3 40. Rxa3 a5 41. Ra4 Rf8 42. c5 Rb8 43. Kc4 Rdb7 44. Rxa5 Rb4+ 45. Kd5 1-0

[Event "January 2 Late 2024"]
[Site "https://www.chess.com"]
[Date "2024.01.02"]
[Round "6"]
[White "Korchmar, Vasiliy"]
[Black "RaugintaBulba"]
[Result "1-0"]
[Board "63"]
[TimeControl "180+1"]
[WhiteFideId "24131750"]
[WhiteElo "2739"]
[BlackElo "2538"]
[WhiteTeam "RUS"]
[WhiteClock "0:01:54"]
[BlackClock "0:00:40"]

1. e4 c5 2. d4 cxd4 3. Qxd4 Nc6 4. Qd3 d6 5. Nc3 Nf6 6. Nf3 g6 7. Be2 Bg7 8. O-O O-O 9. Nd5 Bg4 10. c3 Rc8 11. Bg5 Bxf3 12. Qxf3 Ne5 13. Qe3 Nc4 14. Bxc4 Rxc4 15. Bxf6 Bxf6 16. Nxf6+ exf6 17. Qxa7 Rxe4 18. Qxb7 Re2 19. a4 Qc8 20. Qxc8 Rxc8 21. Rfb1 Rc2 22. a5 Ra8 23. a6 Kf8 24. b4 Rxc3 25. b5 Rcc8 26. b6 Rcb8 27. b7 Ra7 28. Rb6 Ke7 29. Re1+ Kd7 30. Rd1 Kc7 31. Rdxd6 Re8 32. Kf1 Kb8 33. Rxf6 Re7 34. Rbc6 Rxa6 35. Rxa6 1-0

[Event "January 2 Late 2024"]
[Site "https://www.chess.com"]
[Date "2024.01.02"]
[Round "6"]
[White "Msellek, Ilyass"]
[Black "Pinheiro, Iung Alicio de O."]
[Result "1-0"]
[Board "64"]
[TimeControl "180+1"]
[WhiteFideId "675938"]
[BlackFideId "2104350"]
[WhiteElo "2737"]
[BlackElo "2537"]
[WhiteTeam "MAR"]
[BlackTeam "BRA"]
[WhiteClock "0:00:04"]
[BlackClock "0:00:00"]

1. d4 Nf6 2. c4 e6 3. Nc3 Bb4 4. e3 O-O 5. Bd3 d5 6. a3 Bxc3+ 7. bxc3 dxc4 8. Bxc4 c5 9. Nf3 Qc7 10. Be2 Nc6 11. O-O e5 12. Bb2 e4 13. Nd2 Re8 14. a4 Bf5 15. Ba3 b6 16. h3 Rad8 17. Qb3 h5 18. Rfc1 Na5 19. Qb1 Qc8 20. Bf1 h4 21. Nb3 Nc6 22. dxc5 Ne5 23. cxb6 axb6 24. Nd4 Bg6 25. Qxb6 Nd3 26. Bxd3 exd3 27. c4 Ne4 28. c5 d2 29. Rd1 Rd5 30. Qc6 Qd8 31. Bb2 Rg5 32. Nf3 Rd5 33. Bd4 Re6 34. Qb7 Rd7 35. Qb4 Bh5 36. Nxd2 Bxd1 37. Nxe4 Rxe4 38. Rxd1 Qe7 39. Qc4 Re6 40. Rb1 Kh7 41. Qc2+ Kh6 42. Rb5 f6 43. c6 Rc7 44. Qe2 1-0

[Event "January 2 Late 2024"]
[Site "https://www.chess.com"]
[Date "2024.01.02"]
[Round "6"]
[White "Koellner, Ruben Gideon"]
[Black "Silva, Kaua Marques"]
[Result "0-1"]
[Board "65"]
[TimeControl "180+1"]
[WhiteFideId "12993093"]
[BlackFideId "22701168"]
[WhiteElo "2724"]
[BlackElo "2535"]
[WhiteTeam "GER"]
[BlackTeam "BRA"]
[WhiteClock "0:00:03"]
[BlackClock "0:00:20"]

1. d4 Nf6 2. Bg5 g6 3. Bxf6 exf6 4. e3 d5 5. g3 Bd6 6. Bg2 c6 7. Ne2 Nd7 8. b3 f5 9. c4 Nf6 10. Nbc3 Be6 11. cxd5 Bxd5 12. Nxd5 cxd5 13. O-O h5 14. Nc3 Bb4 15. Qd3 Bxc3 16. Qxc3 h4 17. Rfc1 O-O 18. Qc7 hxg3 19. hxg3 Rb8 20. Qxd8 Rfxd8 21. Rc7 Ne8 22. Rc5 Nf6 23. Rac1 Rd7 24. Rc7 Rbd8 25. Kf1 Kf8 26. Ke2 Ke7 27. R7c5 Rh8 28. Bf3 Ke6 29. a4 g5 30. Rc8 Rh2 31. Rh1 Rxh1 32. Bxh1 Rd6 33. b4 Rc6 34. Rb8 b6 35. Rb7 Rc2+ 36. Kd3 Rc4 37. Rxa7 Rxb4 38. Ra6 Ke7 39. Bf3 Rb2 40. Be2 Ne4 41. Ra7+ Kf6 42. Bf3 Rd2# 0-1

[Event "January 2 Late 2024"]
[Site "https://www.chess.com"]
[Date "2024.01.02"]
[Round "6"]
[White "Salazar Farias, Luis German"]
[Black "Dyachuk, Artem"]
[Result "0-1"]
[Board "66"]
[TimeControl "180+1"]
[WhiteFideId "3902170"]
[BlackFideId "34107924"]
[WhiteElo "2532"]
[BlackElo "2719"]
[WhiteTeam "VEN"]
[BlackTeam "UKR"]
[WhiteClock "0:00:00"]
[BlackClock "0:00:19"]

1. d4 Nf6 2. c4 e6 3. Nf3 c5 4. d5 d6 5. Nc3 exd5 6. cxd5 g6 7. Nd2 Bg7 8. e4 O-O 9. Be2 Na6 10. O-O Nc7 11. f3 a6 12. a4 Rb8 13. a5 Bd7 14. Nc4 Bb5 15. Bg5 h6 16. Be3 Re8 17. Qd2 Kh7 18. Rfe1 Bxc4 19. Bxc4 Nd7 20. Bf1 b5 21. axb6 Nxb6 22. Kh1 Qf6 23. Bf4 Nd7 24. Bxa6 Rxb2 25. Qxb2 Qxf4 26. Qc1 Qh4 27. f4 Nf6 28. g3 Qh5 29. Be2 Ng4 30. Bxg4 Qxg4 31. Qe3 Rb8 32. Rab1 Ra8 33. Qe2 Qd7 34. Nb5 Na6 35. Qc4 Nb4 36. Nc3 Ra3 37. Ne2 Qg4 38. Ng1 Rc3 39. Qe2 Qd7 40. Rbc1 Ra3 41. Rcd1 Qa4 42. Rd2 Qb3 43. Red1 Na2 44. Rd3 Nc3 45. Rxc3 Qxc3 46. e5 Rb3 47. e6 Rb2 48. Qf3 Qc2 49. Qe2 Qxe2 50. Nxe2 Rxe2 51. exf7 Re7 0-1

[Event "January 2 Late 2024"]
[Site "https://www.chess.com"]
[Date "2024.01.02"]
[Round "6"]
[White "Estrada Nieto, Julian"]
[Black "Schnaider, Ilan"]
[Result "0-1"]
[Board "67"]
[TimeControl "180+1"]
[WhiteFideId "5101018"]
[BlackFideId "169013"]
[WhiteElo "2527"]
[BlackElo "2719"]
[WhiteTeam "ESP"]
[BlackTeam "ARG"]
[WhiteClock "0:00:19"]
[BlackClock "0:00:07"]

1. e4 c5 2. Nf3 d6 3. Bb5+ Bd7 4. Bxd7+ Qxd7 5. O-O Nf6 6. Qe2 Nc6 7. c3 e6 8. d4 cxd4 9. cxd4 d5 10. e5 Ne4 11. Nbd2 Nxd2 12. Bxd2 Be7 13. g3 O-O 14. Kg2 h6 15. h4 f5 16. exf6 Bxf6 17. Bc3 Rae8 18. Rad1 Be7 19. Rfe1 Bd6 20. Rd3 Rf6 21. Re3 Ref8 22. Rf1 Ne7 23. Ne5 Bxe5 24. Rxe5 Ng6 25. Re3 Qf7 26. Bb4 Rc8 27. Re1 Rc6 28. Rf3 e5 29. Rxf6 Qxf6 30. dxe5 Qe6 31. Bd6 d4 32. Qe4 h5 33. Qxd4 Rc4 34. Qe3 Qg4 35. Kf1 Rc2 36. Qb3+ Rc4 37. Rc1 b5 38. Rxc4 bxc4 39. Qe3 Kh7 40. e6 Qd1+ 41. Kg2 Qxd6 42. Qe4 Kh6 43. Qxc4 Ne5 44. Qf4+ Kh7 45. Qf5+ Kg8 46. Qxh5 Qd5+ 47. Kf1 Qxe6 48. Qe2 Qh3+ 49. Kg1 Qf5 50. b4 Nf3+ 51. Kg2 Nd4 52. Qc4+ Ne6 53. b5 Kh7 54. a4 Qe5 55. a5 Nd4 56. b6 axb6 57. axb6 Qe4+ 58. Kg1 Ne2+ 59. Kf1 Qxc4 60. b7 Nf4+ 61. Kg1 Ne2+ 62. Kh2 Qb5 63. b8=Q Qxb8 64. Kg2 Qb7+ 65. Kf1 Qf3 66. Ke1 Nxg3 67. h5 Nxh5 68. Kf1 Nf4 69. Ke1 Qe2# 0-1

[Event "January 2 Late 2024"]
[Site "https://www.chess.com"]
[Date "2024.01.02"]
[Round "6"]
[White "Rakitin, Daniil"]
[Black "Pasti, Aron"]
[Result "0-1"]
[Board "68"]
[TimeControl "180+1"]
[WhiteFideId "24219762"]
[BlackFideId "785857"]
[WhiteElo "2713"]
[BlackElo "2526"]
[WhiteTeam "RUS"]
[BlackTeam "HUN"]
[WhiteClock "0:00:00"]
[BlackClock "0:00:34"]

1. e4 c5 2. Nf3 e6 3. c3 d5 4. exd5 Qxd5 5. Na3 Nf6 6. d4 cxd4 7. Nb5 Qd8 8. Qxd4 Nc6 9. Qxd8+ Kxd8 10. Ng5 Ke7 11. Be3 Nd5 12. Bc5+ Ke8 13. Ne4 Bxc5 14. Nxc5 a6 15. Nd6+ Ke7 16. Nxc8+ Rhxc8 17. O-O-O Ncb4 18. cxb4 Nxb4 19. Rd7+ Kf6 20. Rxb7 Rxc5+ 21. Kb1 Nd5 22. Bd3 a5 23. Rc1 Rac8 24. Rxc5 Rxc5 25. g3 g6 26. a3 h5 27. h4 e5 28. Bc2 Nc7 29. b4 axb4 30. axb4 Rc6 31. Bb3 e4 32. Kb2 Ne6 33. b5 Rc5 34. b6 Rb5 35. Rb8 Nc5 36. Kc3 Rxb3+ 37. Kc4 Nd7 38. Rb7 Rd3 39. Rc7 Ne5+ 40. Kb5 Rb3+ 41. Ka6 Ke6 42. b7 Nd7 43. Rc4 Kd6 44. Ra4 Nc5+ 0-1

[Event "January 2 Late 2024"]
[Site "https://www.chess.com"]
[Date "2024.01.02"]
[Round "6"]
[White "Blanco Ronquillo, Humberto L."]
[Black "Gasparyan, David"]
[Result "0-1"]
[Board "69"]
[TimeControl "180+1"]
[WhiteFideId "3504239"]
[BlackFideId "13311980"]
[WhiteElo "2708"]
[BlackElo "2524"]
[WhiteTeam "CUB"]
[BlackTeam "USA"]
[WhiteClock "0:00:29"]
[BlackClock "0:00:16"]

1. e4 d6 2. d4 Nf6 3. Nc3 g6 4. h3 Nbd7 5. Nf3 e5 6. a4 Bg7 7. dxe5 dxe5 8. Be3 c6 9. a5 O-O 10. Bc4 Qe7 11. O-O h6 12. Qc1 Kh7 13. Rd1 Re8 14. Nd2 Nf8 15. Bf1 Ne6 16. Na4 Nf4 17. Bc5 Qc7 18. b4 Be6 19. Kh2 Qc8 20. Re1 h5 21. Nc4 Rd8 22. Nxe5 Qc7 23. g3 Qxe5 24. Qxf4 Qxf4 25. gxf4 Nxe4 26. Rad1 Nc3 27. Nxc3 Bxc3 28. Rxd8 Rxd8 29. Rb1 a6 30. Bd3 h4 31. Rd1 Rd7 32. Kg2 Bd5+ 33. Kf1 f5 34. Be2 Rg7 35. Rd3 Bf6 36. Re3 Be4 37. c3 Rd7 38. f3 Bd5 39. Re8 Bxc3 40. Kf2 Bf6 41. Rf8 Kg7 42. Rb8 Be7 43. Bd4+ Bf6 44. Bb6 Bf7 45. Bc5 Bb3 46. Ke3 Be7 47. Bd4+ Kf7 48. Be5 Bxb4 49. Rh8 Bc5+ 0-1

[Event "January 2 Late 2024"]
[Site "https://www.chess.com"]
[Date "2024.01.02"]
[Round "6"]
[White "Cardoso Cardoso, Jose Gabriel"]
[Black "Weisz, Bryan"]
[Result "1-0"]
[Board "70"]
[TimeControl "180+1"]
[WhiteFideId "4430492"]
[BlackFideId "30934133"]
[WhiteElo "2704"]
[BlackElo "2523"]
[WhiteTeam "COL"]
[BlackTeam "USA"]
[WhiteClock "0:00:09"]
[BlackClock "0:00:10"]

1. c4 d5 2. cxd5 Nf6 3. Nc3 Nxd5 4. d3 e5 5. Nf3 Nc6 6. g3 Nde7 7. b4 Nxb4 8. Rb1 Nbc6 9. Qa4 Bd7 10. Qb3 Nd4 11. Nxd4 exd4 12. Ne4 Bc6 13. Bg2 f5 14. Ng5 Bxg2 15. Qf7+ Kd7 16. Qe6+ Ke8 17. Qf7+ Kd7 18. f3 Bxh1 19. Qe6+ Ke8 20. Qf7+ Kd7 21. Rxb7 Kc8 22. Rb3 Rb8 23. Qe6+ Qd7 24. Rxb8+ Kxb8 25. Qxd7 Ng6 26. Qe8+ Kb7 27. Qb5+ Kc8 28. Qxf5+ Kb8 29. Qb5+ Kc8 30. Nf7 Rg8 31. Kf2 Be7 32. Qf5+ Kb8 33. Ne5 Rf8 34. Nd7+ 1-0

[Event "January 2 Late 2024"]
[Site "https://www.chess.com"]
[Date "2024.01.02"]
[Round "6"]
[White "Martinez Ramirez, Lennis"]
[Black "Gulamali, Kazim"]
[Result "0-1"]
[Board "71"]
[TimeControl "180+1"]
[WhiteFideId "3509079"]
[BlackFideId "2024764"]
[WhiteElo "2701"]
[BlackElo "2522"]
[WhiteTeam "CUB"]
[BlackTeam "USA"]
[WhiteClock "0:00:06"]
[BlackClock "0:00:13"]

1. d4 d6 2. e4 Nf6 3. Nc3 Nc6 4. d5 Nb8 5. f4 g6 6. e5 Nfd7 7. e6 fxe6 8. dxe6 Nf6 9. Bc4 c6 10. Qe2 d5 11. Bd3 Qd6 12. f5 gxf5 13. Bxf5 Na6 14. Nf3 Nc7 15. Ng5 Rg8 16. Nf7 Qc5 17. Bg5 d4 18. Bxf6 Qxf5 19. Bxd4 Nxe6 20. Rf1 Nxd4 21. Nd6+ Kd8 22. Nxf5 Nxe2 23. Nxe2 Rxg2 24. Ne3 Rg8 25. Rf7 Bh6 26. Nc4 Rg7 27. Rf8+ Kc7 28. Rh8 Rb8 29. Rd1 Be6 30. Rxb8 Kxb8 31. Ne5 Rg2 32. Nd4 Bh3 33. Rd3 Rxh2 34. Nf7 Bf4 35. Rf3 e5 36. Ne2 Bg4 37. Rf2 Rh1+ 38. Rf1 Bd2+ 39. Kf2 Rxf1+ 40. Kxf1 Bf4 41. Nxf4 exf4 42. Ng5 h5 43. Kf2 Kc7 44. Ne4 b6 45. c3 Kd7 46. Nd2 Ke6 47. b3 Kd5 48. Nc4 b5 49. Na5 c5 50. c4+ bxc4 51. Nxc4 Kd4 52. Nd6 Kc3 53. Nb5+ Kb2 54. Nxa7 Kxa2 55. Nb5 Kxb3 56. Nd6 c4 57. Ke1 c3 58. Ne4 h4 59. Nf2 Bf5 60. Kd1 h3 61. Kc1 h2 62. Nh1 Be4 63. Nf2 h1=Q+ 64. Nxh1 Bxh1 65. Kd1 Bf3+ 66. Kc1 c2 67. Kd2 Kb2 68. Kd3 Bh5 69. Kd4 f3 70. Ke5 f2 71. Kf4 f1=Q+ 72. Kg5 Qd1 73. Kh6 c1=Q+ 74. Kh7 Qd7+ 75. Kh8 Qc3+ 0-1

[Event "January 2 Late 2024"]
[Site "https://www.chess.com"]
[Date "2024.01.02"]
[Round "6"]
[White "Dinu, Dumitru-Daniel"]
[Black "Do Valle Cardoso, Lucas"]
[Result "0-1"]
[Board "72"]
[TimeControl "180+1"]
[WhiteFideId "1208403"]
[BlackFideId "2163144"]
[WhiteElo "2522"]
[BlackElo "2697"]
[WhiteTeam "ROU"]
[BlackTeam "BRA"]
[WhiteClock "0:00:02"]
[BlackClock "0:00:12"]

1. e4 c5 2. Nf3 d6 3. Bb5+ Nd7 4. Bxd7+ Bxd7 5. d4 cxd4 6. Qxd4 e5 7. Qd3 Bc6 8. c4 h6 9. Nc3 Nf6 10. O-O Be7 11. h3 O-O 12. Be3 a5 13. Rfd1 Qd7 14. Nd5 Bxd5 15. cxd5 Rfc8 16. Nd2 b5 17. Rac1 a4 18. a3 Bd8 19. Nb1 Ba5 20. f3 Qb7 21. Bd2 Bb6+ 22. Be3 Nd7 23. Bxb6 Qxb6+ 24. Kh1 Nc5 25. Qe2 Nb3 26. Rxc8+ Rxc8 27. Nc3 Nd4 28. Qd3 b4 29. axb4 Qxb4 30. Qa6 Rc4 31. Rd2 a3 32. Qa8+ Kh7 33. Nb1 Rc1+ 34. Kh2 Rxb1 35. Rd3 axb2 36. Qc8 Rh1+ 37. Kg3 b1=Q 38. Rxd4 Q1e1+ 39. Kg4 h5+ 40. Kf5 Qxd4 41. Qf8 Qh4 42. Qxf7 Qf6+ 43. Qxf6 gxf6 0-1

[Event "January 2 Late 2024"]
[Site "https://www.chess.com"]
[Date "2024.01.02"]
[Round "6"]
[White "Annaberdiyev, Meylis"]
[Black "N_Mullodzhanov"]
[Result "1-0"]
[Board "73"]
[TimeControl "180+1"]
[WhiteFideId "14000563"]
[WhiteElo "2677"]
[BlackElo "2519"]
[WhiteTeam "TKM"]
[WhiteClock "0:00:39"]
[BlackClock "0:01:22"]

1. e4 c6 2. Nf3 d5 3. exd5 cxd5 4. Ne5 Nf6 5. d4 Nc6 6. c3 Nxe5 7. dxe5 Ne4 8. Bb5+ Bd7 9. Qxd5 Bxb5 10. Qxb5+ Qd7 11. Qxd7+ Kxd7 12. Be3 e6 13. Ke2 Bc5 14. Rd1+ Kc6 15. b4 Be7 16. f3 Ng5 17. h4 h6 18. hxg5 hxg5 19. Na3 Rh2 20. Kf1 b5 21. Nc2 g4 22. Nd4+ Kb7 23. fxg4 a6 24. Nf3 Rh1+ 25. Ke2 Rxd1 26. Rxd1 Kc6 27. Nd4+ Kc7 28. Rf1 Rf8 29. g5 g6 30. Kd3 Kd7 31. Ke4 Rc8 32. Rxf7 Rxc3 33. Nb3 Ke8 34. Rh7 Bxb4 35. Nd4 Rc4 36. Kf3 Rc5 37. Rh8+ Ke7 38. Ra8 a5 39. Nf5+ exf5 40. Bxc5+ Bxc5 41. Rxa5 Bd4 42. Rxb5 Ke6 43. a4 Bxe5 44. Rxe5+ Kxe5 45. a5 Kd6 46. Kf4 Kd5 47. a6 Kc6 48. Ke5 Kb6 49. Kf6 Kxa6 50. Kxg6 f4 51. Kf6 Kb5 52. g6 Kc4 53. g7 Kd3 54. g8=Q Ke3 55. Qg4 Ke4 56. Qf3+ Kd4 57. Kf5 Kc5 58. Qxf4 Kd5 59. g4 Kc6 60. g5 Kc5 61. g6 Kc6 62. g7 Kc5 63. g8=Q Kc6 64. Qe6+ Kc5 65. Qfc4# 1-0

[Event "January 2 Late 2024"]
[Site "https://www.chess.com"]
[Date "2024.01.02"]
[Round "6"]
[White "Jimenez Almeida, Luis David"]
[Black "Sevgi, Volkan"]
[Result "0-1"]
[Board "74"]
[TimeControl "180+1"]
[WhiteFideId "22242244"]
[BlackFideId "6325335"]
[WhiteElo "2518"]
[BlackElo "2676"]
[WhiteTeam "ESP"]
[BlackTeam "TUR"]
[WhiteClock "0:00:00"]
[BlackClock "0:00:08"]

1. e4 c6 2. Nc3 d5 3. Qf3 e6 4. Nh3 Nd7 5. d4 dxe4 6. Nxe4 Ndf6 7. c3 Nxe4 8. Qxe4 Nf6 9. Qf3 Qd5 10. Be2 Bd6 11. Nf4 Qxf3 12. Bxf3 e5 13. dxe5 Bxe5 14. O-O O-O 15. Re1 Bd6 16. Be3 Bf5 17. Rad1 Rfd8 18. Ne2 Bc7 19. h3 a5 20. Nd4 Bg6 21. Bg5 a4 22. Re7 Ne8 23. Rde1 a3 24. b3 h6 25. Rxc7 Nxc7 26. Bxd8 Rxd8 27. Re7 Nd5 28. Bxd5 Rxd5 29. Rxb7 c5 30. Nf3 Rd1+ 31. Kh2 Ra1 32. Ra7 Rxa2 33. Ne5 Bc2 34. b4 cxb4 35. cxb4 Bb3 36. Nd3 Bd5 37. b5 Ra1 38. b6 a2 39. Nb4 Rb1 40. Nxa2 Rxb6 41. Nc3 Be6 42. Ne2 Rb4 43. Kg3 g5 44. f3 Kg7 45. Nc1 Rd4 46. Ne2 Rc4 47. Ra3 h5 48. Nc3 f5 49. Kf2 Kf6 50. Ne2 Ke5 51. Re3+ Kf6 52. Rd3 Rc2 53. Re3 Bc4 54. Ke1 h4 55. Kd1 Ra2 56. Re8 Bb5 57. Re3 Kg6 58. Ke1 Kh5 59. Re5 Bc4 60. Kf2 Kg6 61. Re8 Kf7 62. Re3 Kf6 63. Re8 Bb5 64. Re3 Rb2 65. Ke1 Bc4 66. Kf2 Be6 67. Ke1 f4 68. Re4 Bf5 69. Re8 Bd3 70. Kf2 Bb5 71. Ke1 Bxe8 0-1

[Event "January 2 Late 2024"]
[Site "https://www.chess.com"]
[Date "2024.01.02"]
[Round "6"]
[White "Zhu, Jiner"]
[Black "Makaraci, Tunahan"]
[Result "0-1"]
[Board "75"]
[TimeControl "180+1"]
[WhiteFideId "8608059"]
[BlackFideId "6356559"]
[WhiteElo "2675"]
[BlackElo "2518"]
[WhiteTeam "CHN"]
[BlackTeam "TUR"]
[WhiteClock "0:02:14"]
[BlackClock "0:01:48"]

1. c4 e6 2. Nc3 d5 3. cxd5 exd5 4. d4 c5 5. Nf3 Nf6 6. dxc5 Bxc5 7. e3 O-O 8. Bd3 Nc6 9. Ne2 Bg4 10. O-O Bxf3 11. gxf3 Ne5 12. Nf4 Qd7 13. a3 g5 14. Ng2 Qh3 15. Be2 Bd6 16. f4 Neg4 0-1

[Event "January 2 Late 2024"]
[Site "https://www.chess.com"]
[Date "2024.01.02"]
[Round "6"]
[White "Hua, Lefong"]
[Black "Shubenkova, Veronika"]
[Result "1-0"]
[Board "76"]
[TimeControl "180+1"]
[WhiteFideId "2602253"]
[BlackFideId "44124040"]
[WhiteElo "2672"]
[BlackElo "2581"]
[WhiteTeam "CAN"]
[BlackTeam "RUS"]
[WhiteClock "0:00:20"]
[BlackClock "0:00:07"]

1. d4 d5 2. c4 e6 3. Nc3 f5 4. Nf3 Nf6 5. e3 c6 6. Bd3 Bd6 7. b3 O-O 8. Bb2 Ne4 9. O-O Nd7 10. Ne2 Rf6 11. Ne5 Rh6 12. f3 Ng5 13. a4 Nf7 14. f4 Qh4 15. h3 Nfxe5 16. fxe5 Be7 17. Qe1 Qg5 18. Nf4 Nf8 19. Rf3 Ng6 20. Qg3 Nxf4 21. exf4 Qh5 22. Qf2 Rg6 23. Be2 Bh4 24. Qe3 Qh6 25. Kh2 Bd7 26. Ba3 Kh8 27. g3 Bd8 28. Bd6 Rc8 29. b4 Rg4 30. Kg2 Rg6 31. c5 Qh5 32. Rf2 Qh4 33. Kh2 Qh6 34. b5 Be8 35. Rb1 Ba5 36. Bf3 Bd7 37. Rfb2 Bd8 38. Be2 Ba5 39. Qf3 Bd8 40. Qe3 Ba5 41. h4 Bd8 42. h5 Rg4 43. Bxg4 fxg4 44. Kg1 Qxh5 45. Qd3 Be8 46. Rh2 Qg6 47. Qxg6 Bxg6 48. Rbb2 Be8 49. Kf2 Kg8 50. Ke3 h6 51. Rb3 Ba5 52. Rhb2 Bd8 53. bxc6 Bxc6 54. Rxb7 Bxb7 55. Rxb7 Ba5 56. Rxa7 Be1 57. Rb7 Bxg3 58. Rb8 Rxb8 59. Bxb8 Be1 60. c6 Ba5 61. c7 Bxc7 62. Bxc7 h5 63. a5 h4 64. a6 h3 65. Kf2 g3+ 66. Kxg3 h2 67. Kxh2 1-0

[Event "January 2 Late 2024"]
[Site "https://www.chess.com"]
[Date "2024.01.02"]
[Round "6"]
[White "Stojanovski, Sandi"]
[Black "Banzea, Alexandru-Bogdan"]
[Result "0-1"]
[Board "77"]
[TimeControl "180+1"]
[WhiteFideId "1403249"]
[BlackFideId "1232622"]
[WhiteElo "2511"]
[BlackElo "2667"]
[WhiteTeam "DEN"]
[BlackTeam "ROU"]
[WhiteClock "0:00:13"]
[BlackClock "0:00:04"]

1. d3 Nf6 2. Nf3 g6 3. g3 Bg7 4. Bg2 O-O 5. O-O d6 6. c4 e5 7. Nc3 c6 8. b3 Re8 9. Bb2 d5 10. cxd5 cxd5 11. Rc1 Nc6 12. h3 h6 13. e3 Be6 14. Na4 Nd7 15. Nc5 Nxc5 16. Rxc5 Qd7 17. Kh2 Rac8 18. Qa1 f6 19. Qb1 Bf8 20. Rcc1 Kg7 21. Ng1 d4 22. Ne2 Bd5 23. Bxd5 Qxd5 24. e4 Qb5 25. f4 Nb4 26. fxe5 fxe5 27. Rxc8 Rxc8 28. Nxd4 exd4 29. Bxd4+ Kg8 30. Qd1 Qxd3 31. Qg4 Rc2+ 32. Rf2 Qxd4 33. Qxg6+ Qg7 34. Qe6+ Kh8 35. Rxc2 Nxc2 36. e5 Ne3 37. Qe8 Nf1+ 38. Kg2 Nxg3 39. e6 Nf5+ 40. Kf2 Qf6 41. Kg2 Ng7 42. Qd7 Nxe6 43. Qxb7 Qg5+ 44. Kf3 Qf4+ 45. Ke2 Qd4 46. Qf7 Qe5+ 47. Kd3 Nf4+ 48. Kc4 Qe4+ 49. Kb5 Qd5+ 50. Qxd5 Nxd5 51. Kc6 Ne3 52. Kb7 Bc5 53. Kc6 Bd4 54. Kb5 Nf5 55. b4 Kg7 56. a4 Kg6 57. a5 Kh5 58. Ka6 Kh4 59. b5 Kxh3 60. Kb7 h5 61. Kc6 Kg4 62. b6 Bxb6 63. a6 h4 64. Kb7 h3 65. Ka8 h2 66. Kb8 h1=Q 67. Kc8 Qc6+ 0-1

[Event "January 2 Late 2024"]
[Site "https://www.chess.com"]
[Date "2024.01.02"]
[Round "6"]
[White "Alimpic, Aleksa"]
[Black "Fantinel, Thibault"]
[Result "0-1"]
[Board "78"]
[TimeControl "180+1"]
[WhiteFideId "974323"]
[BlackFideId "663395"]
[WhiteElo "2505"]
[BlackElo "2667"]
[WhiteTeam "SRB"]
[BlackTeam "FRA"]
[WhiteClock "0:00:02"]
[BlackClock "0:00:49"]

1. d4 Nf6 2. c4 b6 3. Nc3 Bb7 4. d5 e6 5. a3 Bd6 6. Nf3 O-O 7. g3 c6 8. Bg2 Na6 9. O-O cxd5 10. cxd5 Nc7 11. e4 Ng4 12. Bg5 f6 13. dxe6 dxe6 14. Bd2 Qe7 15. h3 Ne5 16. Nxe5 Bxe5 17. Qb3 Rfd8 18. Rfd1 Rd3 19. Be3 Rad8 20. Rxd3 Rxd3 21. Rd1 Qd7 22. Rxd3 Qxd3 23. Qd1 Ba6 24. Qxd3 Bxd3 25. Bd2 Kf7 26. b4 Ne8 27. f4 Bd4+ 28. Kh2 Nd6 29. e5 Nc4 30. Be1 Nxa3 31. exf6 gxf6 32. Ne4 Ke7 33. g4 Nc2 34. Bd2 Ne3 35. Bf3 Nf1+ 36. Kg2 Bxe4 0-1